Map: Ruins of Endion

Players

Blord - Winner!

  • Race: Zerg Zerg
  • League: Grandmaster

Miszu

  • Race: Protoss Protoss
  • League: Master

VOD

Have the link to the VOD?

Description

Time

  • Played on: June 13, 2016, 2:12 p.m.
  • Length: 3:58
Show
View Real Time Build Order
Export as new Build Order

Blord Zerg - Winner!

Build Orders: Hatch First 

Get SALT Encoding   

  12  0:01  Drone  
  13  0:15  Overlord  
  13  0:22  Drone  
  14  0:33  Drone x2  
  16  0:41  Drone  
  17  0:48  Drone  
  18  0:57  Hatchery  
  17  1:15  Spawning Pool  
  17  1:16  Drone  
  17  1:20  Extractor  
  17  1:23  Drone  
  17  1:29  Drone  
  17  1:31  Drone  
  19  1:44  Overlord  
  19  2:05  Queen  
  19  2:07  Zergling x4  
  23  2:09  Queen  
  23  2:11  Drone  
  26  2:18  Drone  
  26  2:22  Drone  
  28  2:23  Metabolic Boost  
  28  2:34  Overlord  
  28  2:35  Drone x2  
  30  2:42  Overlord  
  30  2:54  Zergling x4  
  30  2:57  Zergling x2  
  31  3:05  Zergling x2  
  31  3:08  Zergling x2  
  31  3:10  Evolution Chamber  
  32  3:14  Zergling x2  
  32  3:16  Zergling x2  
  32  3:18  Zergling x2  
  39  3:20  Zergling x8  
  39  3:21  Zergling x2  
  44  3:40  Zergling x6  
Show
View Real Time Build Order
Export as new Build Order

Miszu Protoss 

Build Orders: 1 Gate Expand 

Get SALT Encoding   

  12  0:01  Probe (Chrono Boost)  
  13  0:12  Probe (Chrono Boost)  
  14  0:18  Pylon  
  14  0:22  Probe (Chrono Boost)  
  15  0:37  Probe (Chrono Boost)  
  15  0:40  Gateway  
  16  0:47  Probe (Chrono Boost)  
  17  1:08  Nexus  
  17  1:15  Assimilator  
  17  1:17  Probe (Chrono Boost)  
  18  1:27  Cybernetics Core  
  18  1:30  Probe (Chrono Boost)  
  19  1:35  Assimilator  
  19  1:40  Probe (Chrono Boost)  
  20  1:51  Probe (Chrono Boost)  
  22  2:10  Adept (Chrono Boost)  
  22  2:11  Pylon  
  23  2:18  Probe  
  23  2:20  Probe  
  25  2:28  Mothership Core  
  25  2:32  Probe  
  25  2:34  Adept (Chrono Boost)  
  31  2:44  Probe  
  31  3:02  Probe  
  31  3:03  Probe (Chrono Boost)  
  31  3:14  Probe (Chrono Boost)  
  31  3:17  Probe (Chrono Boost)  
  31  3:19  Nexus  
  33  3:20  Stargate, Pylon  
  33  3:25  Probe (Chrono Boost)  
  34  3:31  Probe (Chrono Boost)  
  35  3:35  Stargate  
  35  3:40  Probe (Chrono Boost)  
  36  3:41  Probe (Chrono Boost)  
  36  3:43  Assimilator  
  36  3:46  Assimilator  
Tags
 
Add a new tag
Caveats
  • Supply blocks, unpowered buildings, or Contaminate may cause inaccurate times.
  • Supply counts are checked every 10 seconds.